 Dungeon Crawl Stone Soup version 0.31-a0-1612-g4aaf141004 (webtiles) character file.

Game seed: 14638695295523806131

2 CraigForest the Changeling (level 1, -1/9 HPs)
             Began as a Formicid Shapeshifter on Jan 9, 2024.
             Slain by a quokka (5 damage)
             ... on level 1 of the Dungeon.
             The game lasted 00:00:44 (68 turns).

CraigForest the Changeling (Formicid Shapeshifter)    Turns: 68, Time: 00:00:44

Health: -1/9       AC:  0    Str: 18    XL:     1   Next: 44%
Magic:  1/1        EV: 16    Int:  9    God:
Gold:   0          SH:  0    Dex: 13    Spells: 0/0 levels left

rFire   . .          .
                       - Unarmed
rCold   . . .        (shield currently unavailable)
rNeg    . . .        a - melded +0 animal skin
rPois   .            (helmet unavailable)
rElec   .            (no cloak)
rCorr   .            (no gloves)
SInv    +            (no boots)
Will    .....        (no amulet)
Stlth   +            (no ring)
HPRegen 0.21/turn    (no ring)
MPRegen 0.07/turn

%: no passive effects
@: flux-form, glowing
A: glow, contaminating, reduced hp, permanent stasis, dig shafts and tunnels,
antennae 3, four strong arms
a: Dig, Shaft Self, Begin Untransformation


You were on level 1 of the Dungeon.
You were something dangerously unstable.
You visited 1 branch of the dungeon, and saw 1 of its levels.

Inventory:

Armour
 a - a +0 animal skin (melded)
Talismans
 c - a beast talisman
 d - a flux talisman (active)
Scrolls
 e - a scroll of butterflies {unknown}
Potions
 b - a potion of lignification


   Skills:
 + Level 1.1 Fighting
 + Level 1.7 Dodging
 + Level 3.0 Unarmed Combat
 + Level 3.4 Shapeshifting


You couldn't memorise any spells.
You didn't know any spells.
Your spell library was empty.

Dungeon Overview and Level Annotations

Branches:
Dungeon (1/15)

Altars:


Innate Abilities, Weirdness & Mutations

You are something dangerously unstable.
You glow with magical radiation, making you easy to see and hit.
Foes you strike become dangerously contaminated with magical radiation.
Your maximum health is decreased, since you lack skill for your form.
You are incapable of wielding weapons or throwing items.
You cannot be hasted, slowed, berserked, paralysed or teleported.
You can dig through walls and to a lower floor.
You have a pair of large antennae on your head. (SInv)
Your four strong arms can wield two-handed weapons with a shield.


Message History

There is an open door here.
A goblin comes into view. It is wielding a +0 dagger.
A goblin is nearby!
You begin transforming.
You continue transforming. x3
Your transformation has ended.
You turn into something dangerously unstable.
Your +0 animal skin melds into your body.
HP restored.
The goblin shouts!
You hit the goblin.
The goblin begins to glow.
The goblin is moderately wounded.
You barely miss the goblin.
The goblin is moderately wounded.
The goblin hits you with a +0 dagger.
You hit the goblin.
You kill the goblin!
Things that are here:
a +0 dagger; a goblin corpse A hobgoblin comes into view.
The hobgoblin shouts!
A quokka comes into view.
The hobgoblin hits you.
You hit the hobgoblin but do no damage.
The hobgoblin begins to glow.
The hobgoblin misses you.
You hit the hobgoblin.
The hobgoblin glows dangerously bright.
The hobgoblin is heavily wounded.
The hobgoblin closely misses you.
You hit the hobgoblin.
You kill the hobgoblin!
You hit the quokka.
The quokka begins to glow.
The quokka is heavily wounded.
The quokka barely misses you.
You closely miss the quokka.
The quokka is heavily wounded.
The quokka closely misses you. The quokka bites you.
You hit the quokka.
The quokka glows dangerously bright.
The quokka is severely wounded.
The quokka bites you.
Ouch! That really hurt!
You die...

#.......#
#######.#
#......#
#.#....########
#.#.##.........
#.#.###########
#.#.# #.#.#
#p#.# #r#.#
#.#.# #.#.# #.#
#.. #.. #.#


You could see a quokka (heavy contam).

Vanquished Creatures
  A goblin (D:1)
  A hobgoblin (D:1)
2 creatures vanquished.

Notes
Turn   | Place    | Note
-------+----------+-------------------------------------------
     0 | D:1      | CraigForest the Formicid Shapeshifter began the quest for
                  | the Orb.
     0 | D:1      | Reached XP level 1. HP: 15/15 MP: 1/1
    68 | D:1      | Slain by a quokka

Illustrated notes

Levels and vault maps discovered:
D:1:      tarquinn_simple_flora_water_c, layout_loops_ring

Action                     || total
---------------------------++-------
  Melee: Unarmed           ||     9
 Armour: Skin              ||     4
  Dodge: Dodged            ||     4
   Form: Flux              ||     1

Table legend: (Time is in decaauts)
 A = Elapsed time spent in this place.
 B = Non-inter-level travel time spent in this place.
 C = Inter-level travel time spent in this place.
 D = Time resting spent in this place.
 E = Time spent auto-exploring this place.
 F = Levels seen in this place.
 G = Mean time per level.
                   A        B        C        D        E       F      G
               +--------+--------+--------+--------+--------+-----+--------+
         Total |     67 |     54 |     13 |      0 |     33 |   1 |   67.0 |
       Dungeon |     67 |     54 |     13 |      0 |     33 |   1 |   67.0 |
               +--------+--------+--------+--------+--------+-----+--------+

Top non-repeatable levels by time:
     D:1: 67 daAuts
